 Dungeon Crawl Stone Soup version 0.20.1-1-g8b1a95d (webtiles) character file.

84 Dyss the Changer (level 4, -6/19 HPs)
             Began as a Felid Transmuter on July 19, 2017.
             Killed by nerve-wracking pain
             ... invoked by Grinder
              (10 damage)
             ... on level 3 of the Dungeon.
             The game lasted 00:18:50 (3811 turns).

Dyss the Changer (Felid Transmuter)                 Turns: 3811, Time: 00:18:51

Health: -6/19      AC:  2    Str:  6    XL:     4   Next: 23%
Magic:  5/8        EV: 21    Int: 14    God:
Gold:   94         SH:  0    Dex: 23    Spells: 1/7 levels left
                                        Lives:  0   Deaths: 1

rFire    . . .     SeeInvis +     - Unarmed
rCold    . . .     Gourm    .   (shield unavailable)
rNeg     . . .     Faith    .   (armour unavailable)
rPois    x         Spirit   .   (helmet unavailable)
rElec    .         Reflect  .   (cloak unavailable)
rCorr    .         Harm     .   (gloves unavailable)
MR       .....                  (boots unavailable)
Stlth    ++........             (no amulet)
Regen    0.1/turn               (no ring)
MPRegen  0.2/turn               (no ring)

@: spider-form
A: no armour, no weapons or thrown items, stealth, see invisible, carnivore 3,
slow metabolism 1
a: End Transformation


You were on level 3 of the Dungeon.
You were not hungry.
You were a venomous arachnid creature.
You visited 1 branch of the dungeon, and saw 3 of its levels.

You collected 94 gold pieces.

Inventory:

Scrolls
 e - 3 scrolls of identify {unknown}
 f - a scroll of immolation {unknown}
 g - 5 scrolls of remove curse {unknown}
 h - a scroll of fog {unknown}
 j - a scroll of magic mapping {unknown}
 k - a scroll of noise {unknown}
Potions
 d - 5 potions of flight {unknown}
 l - a potion of degeneration {unknown}
 m - a potion of heal wounds {unknown}
Books
 b - a book of Changes

   Spells                             Type                      Level
   a - Beastly Appendage              Transmutation                1
   b - Sticks to Snakes               Transmutation                2
   c - Spider Form                    Transmutation/Poison         3
   d - Ice Form                       Ice/Transmutation            4
   e - Blade Hands                    Transmutation                5
 o - a book of Conjurations

   Spells                             Type                      Level
   a - Magic Dart                     Conjuration                  1
   b - Searing Ray                    Conjuration                  2
   c - Dazzling Spray                 Conjuration/Hexes            3
   d - Fulminant Prism                Conjuration/Hexes            4
   e - Force Lance                    Conjuration/Translocation    4
   f - Iskenderun's Mystic Blast      Conjuration                  4
Comestibles
 a - 3 chunks of flesh
 c - a meat ration
 n - a royal jelly


   Skills:
 - Level 1.0 Fighting
 - Level 2.6 Dodging
 - Level 3.0 Unarmed Combat
 - Level 2.0 Spellcasting
 * Level 5.8 Transmutations
 + Level 1.0 Poison Magic


You had one spell level left.
You knew the following spells:

 Your Spells              Type           Power        Failure   Level  Hunger
a - Beastly Appendage     Tmut           ###...       9%          1    ##.....
b - Sticks to Snakes      Tmut           ###.....     11%         2    ###....
c - Spider Form           Tmut/Pois      ##........   36%         3    ####...


Dungeon Overview and Level Annotations

Branches:
Dungeon (3/15)

Altars:

Annotations:
D:3 Grinder


Innate Abilities, Weirdness & Mutations

You cannot wear armour.
You are incapable of wielding weapons or throwing items.
Your paws allow you to move quietly. (Stealth)
((You have sharp claws.))
((You have razor-sharp teeth.))
You have supernaturally acute eyesight. (SInv)
You are carnivorous and can eat meat at any time.
((You cover ground quickly.))
((You are covered in fur. (AC +1)))
You have a slow metabolism.
((Your sharp claws are effective at attacking unaware monsters.))


Message History

Confirm with . or Enter, or press ? or * to list all spells.
You turn into a venomous arachnid creature.
Grinder gestures at you. Pain shoots through your body!
* * * LOW HITPOINT WARNING * * *
Things that are here:
a dagger; a goblin skeleton Grinder gestures at you.
You resist with some effort.
You hit Grinder.
Grinder is poisoned.
Grinder is severely wounded.
Grinder completely misses you.
You hit Grinder.
Grinder is severely wounded.
Grinder completely misses you.
Grinder says, "My boss said I was rubbish.
His entrails said otherwise."
Grinder gestures at you. Pain shoots through your body!
Ouch! That really hurt!
You die...

# # #.#.##.#.#....... #.
#.#....#.#..##<## #.
#.##.#.#.#..##.## # #.
#.##.#.#........# #.###.
#.##...#.##..#..# #....)
#.##...#........# #.....
#..........#.##.#
#.....###...............#
#.......s).....#####.####
+.....###.###..#......... .
##....# #5#......###.#### ..
+...####'#.#.>..รท.......
...######...#......####.#.#.###.
............#.............#.###.
............#.....#####.#.#.#...
...........)))....# #.....#.#.
.#.###P#.#'##.....# #.....#...


You could see Grinder.

Vanquished Creatures
  Jessica (D:2)
  Natasha (twice) (D:3)
  An ooze (D:2)
  3 worms (D:2)
  2 leopard geckos
  4 orcs (D:3)
  9 bats
  4 giant cockroaches
  6 hobgoblins
  2 quokkas
  A ball python (D:1)
  A frilled lizard (D:1)
  10 goblins
  4 kobolds
  5 rats
55 creatures vanquished.

Vanquished Creatures (collateral kills)
  2 adders (D:2)
  2 worms (D:2)
  A goblin (D:1)
  2 hobgoblins (D:2)
  2 jackals (D:1)
  A kobold (D:2)
  2 ball pythons
  A rat (D:2)
13 creatures vanquished.

Grand Total: 68 creatures vanquished

Notes
Turn   | Place    | Note
-------+----------+-------------------------------------------
     0 | D:1      | Dyss the Felid Transmuter began the quest for the Orb.
     0 | D:1      | Reached XP level 1. HP: 9/9 MP: 4/4
   464 | D:1      | Reached skill level 3 in Transmutations
   467 | D:1      | Reached XP level 2. HP: 8/12 MP: 6/6
   674 | D:1      | Learned a level 2 spell: Sticks to Snakes
  1512 | D:2      | Reached XP level 3. HP: 7/15 MP: 1/7
  1855 | D:2      | Reached skill level 4 in Transmutations
  1927 | D:2      | Noticed Jessica
  1940 | D:2      | Killed Jessica
  1974 | D:2      | Reached XP level 4. HP: 16/19 MP: 4/8
  2462 | D:2      | Reached skill level 5 in Transmutations
  2663 | D:2      | Learned a level 3 spell: Spider Form
  3384 | D:3      | Noticed Natasha
  3406 | D:3      | Killed Natasha
  3597 | D:3      | Noticed Natasha
  3607 | D:3      | Killed Natasha
  3607 | D:3      | Reached skill level 1 in Poison Magic
  3607 | D:3      | Reached XP level 5. HP: 22/22 MP: 3/9
  3729 | D:3      | Noticed Grinder
  3743 | D:3      | Killed from afar by Grinder
  3744 | D:3      | Reached XP level 4. HP: 0/19 MP: 6/8
  3811 | D:3      | Killed from afar by Grinder

Skill      XL: |  1  2  3  4 |
---------------+-------------+-----
Transmutations | 3 4 5 |  5.8
Poison Magic   | 1 |  1.0
Fighting       | |  1.0
Dodging        | |  2.6
Unarmed Combat | |  3.0
Spellcasting   | |  2.0

Action                   |  1- 3 |  4- 6 || total
-------------------------+-------+-------++-------
Melee: Unarmed           |    87 |   106 ||   193
       Bite              |     6 |     5 ||    11
       Punch             |     1 |     2 ||     3
       Headbutt          |       |     6 ||     6
 Cast: Sticks to Snakes  |    12 |    13 ||    25
       Beastly Appendage |     7 |     8 ||    15
       Spider Form       |       |    11 ||    11
 Stab: Sleeping          |     4 |     1 ||     5
  Eat: Chunk             |    10 |     7 ||    17
Armor: Skin              |    10 |     5 ||    15
Dodge: Dodged            |    83 |   111 ||   194
